 Dungeon Crawl Stone Soup version 0.18-a0-1372-gd644665 (webtiles) character file.

586 WarriorsX the Covered (level 7, -4/56 HPs)
             Began as a Human Fighter on Feb 21, 2016.
             Slain by Pikel
             ... wielding a +1 whip of electrocution
              (17 damage)
             ... on level 5 of the Dungeon.
             The game lasted 00:14:39 (3633 turns).

WarriorsX the Covered (Human Fighter)               Turns: 3633, Time: 00:14:45

Health: -4/56      AC: 15    Str: 16 (18) XL:     7   Next: 65%
Magic:  7/7        EV:  5    Int:  6 (8)  God:
Gold:   161        SH:  0    Dex: 11 (13) Spells: 0 memorised, 6 levels left

rFire  . . .     SeeInvis .     a - +1 long sword
rCold  + . .     Gourm    +     o - -2 plate armour (curse)
rNeg   . . .     Faith    .     (no shield)
rPois  .         Spirit   .     (no helmet)
rElec  .         Dismiss  .     q - +0 cloak
rCorr  .         Reflect  .     (no gloves)
SustAt .         Harm     .     (no boots)
MR     ++...                    t - amulet of the gourmand
Stlth  ..........               k - ring of protection from cold
                                m - ring of protection from magic

@: very resistant to hostile enchantments, extremely unstealthy
A: iridescent scales 1, magic resistance 1, MP-powered wands
a: no special abilities


You were on level 5 of the Dungeon.
You were completely stuffed.

You visited 1 branch of the dungeon, and saw 5 of its levels.

You collected 161 gold pieces.

Inventory:

Hand Weapons
 a - a +1 long sword (weapon)
Armour
 b - a +0 scale mail
 c - a +0 shield
 o - a cursed -2 plate armour (worn)
 p - a +0 shield
 q - a +0 cloak (worn)
Jewellery
 k - a ring of protection from cold (right hand)
 m - a ring of protection from magic (left hand)
 t - an amulet of the gourmand (around neck)
Scrolls
 h - a scroll of fear
 n - a scroll of remove curse
 r - 8 scrolls of identify {unknown}
 s - a scroll of teleportation {unknown}
Potions
 d - a potion of might
 e - a potion of degeneration
 g - a potion of heal wounds {unknown}
 l - 2 potions of curing
Comestibles
 f - 5 bread rations
 i - a fruit
 j - 2 slices of pizza


   Skills:
 - Level 5.0 Fighting
 - Level 4.4 Long Blades
 + Level 5.9 Armour
 - Level 3.0 Shields


You had 6 spell levels left.
You didn't know any spells.

Dungeon Overview and Level Annotations

Branches:
Dungeon (5/15)
 Temple: D:4-7

Altars:
Qazlal

Annotations:
D:5 Pikel


Innate Abilities, Weirdness & Mutations

You are partially covered in iridescent scales (AC +4).
You are resistant to hostile enchantments.
You expend magic power (3 MP) to strengthen your wands.


Message History

Pikel is severely wounded.
Pikel waves his whip at you. Pikel barely misses you.
You hit Pikel.
Pikel is severely wounded.
Pikel hits you but does no damage.
Your plate armour prevents you from hitting Pikel.
Pikel is severely wounded.
Pikel hits you with a whip of electrocution.
You slash Pikel!
Pikel is almost dead.
Pikel hits you with a whip of electrocution.
You are electrocuted!
You closely miss Pikel.
Pikel is almost dead.
Pikel hits you but does no damage.
Pikel hits you with a whip of electrocution.
* * * LOW HITPOINT WARNING * * *
You are electrocuted!
You die...

... ...# ...##
.... #####..#
...#..# .
####.#p.###...
#...@Kpl......
######op#####
.............#
###..........#
...(.........#
###.......[..#
#..........#
#..........#
...........#


You could see Pikel, 3 slaves, an iguana and an orc.

Vanquished Creatures
  A giant frog (D:3)
  4 orc priests (D:3)
  A giant frog skeleton (D:5)
  Jessica (D:2)
  5 orc wizards (D:4)
  Robin (D:2)
  3 gnolls
  3 adders
  2 oozes
  2 adder skeletons
  2 worms
  5 giant geckos
  10 orcs
  4 giant cockroaches
  18 goblins
  9 hobgoblins
  4 jackals (D:4)
  7 kobolds
  2 quokkas (D:2)
  3 bats
  2 giant newts (D:2)
  36 rats
  A bush (D:2)
126 creatures vanquished.

Vanquished Creatures (others)
  A goblin (D:1)
1 creature vanquished.

Grand Total: 127 creatures vanquished

Notes
Turn   | Place    | Note
--------------------------------------------------------------
     0 | D:1      | WarriorsX the Human Fighter began the quest for the Orb.
     0 | D:1      | Reached XP level 1. HP: 18/18 MP: 1/1
   133 | D:1      | Reached XP level 2. HP: 24/24 MP: 2/2
   404 | D:2      | Reached XP level 3. HP: 29/29 MP: 3/3
   662 | D:2      | Reached XP level 4. HP: 19/35 MP: 4/4
   664 | D:2      | Reached skill level 4 in Long Blades
  1182 | D:2      | Noticed Jessica
  1185 | D:2      | Killed Jessica
  1185 | D:2      | Reached XP level 5. HP: 29/41 MP: 5/5
  1264 | D:2      | Noticed Robin
  1301 | D:2      | Killed Robin
  1972 | D:3      | Reached XP level 6. HP: 24/50 MP: 6/6
  2143 | D:3      | Reached skill level 5 in Fighting
  2825 | D:3      | Gained mutation: You are partially covered in iridescent scales (AC +4). [potion of mutation]
  2825 | D:3      | Gained mutation: You are resistant to hostile enchantments. [potion of mutation]
  2825 | D:3      | Gained mutation: You expend magic power (3 MP) to strengthen your wands. [potion of mutation]
  2891 | D:4      | Noticed a two-headed ogre
  2925 | D:3      | Reached XP level 7. HP: 40/56 MP: 7/7
  3043 | D:4      | Reached skill level 5 in Armour
  3372 | D:4      | Found a stormy altar of Qazlal.
  3593 | D:5      | Entered Level 5 of the Dungeon
  3613 | D:5      | Noticed Pikel
  3633 | D:5      | Slain by Pikel

Vault maps used:
D:1:      shiori_arrival_oz
D:2:      first_bread, serial_forest, infiniplex_forest_lined_2,
          infiniplex_forest_clump_small, infiniplex_forest_pool,
          infiniplex_forest_zigzag_1, infiniplex_forest_lined_room_3,
          infiniplex_forest_lined_4_way, infiniplex_forest_end_3,
          infiniplex_forest_clump_long, infiniplex_forest_lined_room_2,
          grunt_decor_resistance, minmay_rats_cheesy_pizza, uniq_jessica,
          uniq_robin
D:4:      kennysheep_minor_cross, grunt_qazlal_sundering
D:5:      uniq_edmund, uniq_eustachio, uniq_pikel

Action                   |  1- 3 |  4- 6 |  7- 9 || total
-------------------------+-------+-------+-------++-------
Melee: Long sword        |    81 |   299 |   110 ||   490
  Use: Scroll            |     3 |       |       ||     3
       Potion            |       |     4 |       ||     4
  Eat: Chunk             |       |     6 |    16 ||    22
